 Dungeon Crawl Stone Soup version 0.21-a0-150-gc243083 (webtiles) character file.

108152 Chiseanne the Spry (level 16, 0/75 HPs)
             Began as a Spriggan Assassin on July 27, 2017.
             Was the Champion of Dithmenos.
             Killed from afar by Nikola (11 damage)
             ... with a chain lightning
             ... on level 4 of the Swamp on Aug 28, 2017.
             The game lasted 02:44:32 (26024 turns).

Chiseanne the Spry (Spriggan Assassin)             Turns: 26024, Time: 02:44:33

Health: 0/75       AC:  9    Str: 12    XL:     16   Next: 1%
Magic:  34/36      EV: 40    Int: 15    God:    Dithmenos [******]
Gold:   792        SH: 16    Dex: 33    Spells: 21/46 levels left

rFire    . . .     SeeInvis +   s - +2 dagger (venom)
rCold    . . .     Gourm    .   p - +2 buckler
rNeg     . . .     Faith    .   l - +1 robe of Past Mistakes {rElec MR- Dex+8}
rPois    +         Spirit   .   N - +0 hat {Int+3}
rElec    +         Reflect  +   k - +1 cloak
rCorr    .         Harm     .   (gloves unavailable)
MR       +....                  (boots unavailable)
Stlth    ++++++++++             B - +3 amulet of reflection
HPRegen  0.22/turn              m - +4 ring of protection
MPRegen  0.25/turn              E - ring of poison resistance

@: mighty, very slightly contaminated, wreathed by umbra, invisible, very quick
A: unfitting armour, see invisible, herbivore 3, speed 3, slow metabolism 2
a: Shadow Step, Shadow Form, Renounce Religion


You were on level 4 of the Swamp.
You worshipped Dithmenos.
Dithmenos was exalted by your worship.
You were very full.

You visited 4 branches of the dungeon, and saw 27 of its levels.
You also visited: Labyrinth, Ice Cave and Volcano.

You collected 2915 gold pieces.
You spent 2123 gold pieces at shops.

Inventory:

Hand Weapons
 a - a +3 dagger of protection
 d - the +3 falchion of Zafiyg {drain, rF+ rN+ Int-2 Dex+3}
   (You found it on level 8 of the Dungeon)

   A truly terrible weapon, it drains the life of those it strikes.
   It affects your intelligence (-2).
   It affects your dexterity (+3).
   It protects you from fire.
   It protects you from negative energy.
 f - a +1 short sword of speed
 s - a +2 dagger of venom (weapon)
 w - a +0 blowgun
Missiles
 e - 46 poisoned needles
 q - 13 tomahawks
 r - 3 needles of paralysis
 L - 7 silver tomahawks (quivered)
Armour
 h - a +0 troll leather armour
 k - a +1 cloak (worn)
 l - the +1 robe of Past Mistakes (worn) {rElec MR- Dex+8}
   (You found it on level 7 of the Dungeon)

   It affects your dexterity (+8).
   It insulates you from electricity.
   It affects your resistance to hostile enchantments.
 p - a +2 buckler (worn)
 N - a +0 hat of intelligence (worn)
Jewellery
 i - the ring "Gedediof" {+Fly MR++}
   (You bought it in a shop on level 8 of the Dungeon)

   [ring of flight]

   It affects your resistance to hostile enchantments.
   It lets you fly.
 m - a +4 ring of protection (left hand)
 B - a +3 amulet of reflection (around neck)
 E - a ring of poison resistance (right hand)
 O - the ring of Refys {rF+ rC+ Int+2}
   (You bought it in a shop on level 8 of the Dungeon)

   [ring of protection from fire]

   It affects your intelligence (+2).
   It protects you from fire.
   It protects you from cold.
 Q - an uncursed amulet of regeneration
 S - an uncursed ring of positive energy
 V - an uncursed ring of flight
 X - an uncursed amulet of magic regeneration {unknown}
Wands
 c - a wand of lightning (0/15)
 j - a wand of lightning (8/15)
 n - a wand of acid (1/15)
 K - a wand of lightning (0/15)
 T - a wand of lightning (0/15)
 W - a wand of paralysis (9/24)
 Y - a wand of lightning (4/15)
Scrolls
 y - 5 scrolls of fog
 A - 10 scrolls of remove curse
 D - 4 scrolls of teleportation
 Z - a scroll of acquirement
Potions
 b - 2 potions of haste
 o - 8 potions of curing
 t - 3 potions of flight
 u - a potion of degeneration {unknown}
 v - a potion of berserk rage {unknown}
 z - a potion of might
 C - a potion of magic
 F - 3 potions of heal wounds
 H - a potion of cancellation
 M - 2 potions of brilliance
 P - 2 potions of resistance
 U - a potion of ambrosia
Books
 x - a book of Unlife

   Spells                             Type                      Level
   a - Recall                         Summoning/Translocation      3
   b - Animate Dead                   Necromancy                   4
   c - Control Undead                 Necromancy                   4
   d - Cigotuvi's Embrace             Necromancy                   5
   e - Death Channel                  Necromancy                   6
   f - Simulacrum                     Ice/Necromancy               6
 R - a book of the Earth

   Spells                             Type                      Level
   a - Leda's Liquefaction            Hexes/Earth                  4
   b - Bolt of Magma                  Conjuration/Fire/Earth       5
   c - Statue Form                    Transmutation/Earth          6
   d - Iron Shot                      Conjuration/Earth            6
   e - Shatter                        Earth                        9
Comestibles
 g - 4 bread rations
 G - 36 fruits
 I - 4 royal jellies


   Skills:
 * Level 4.9 Fighting
 - Level 5.6 Short Blades
 - Level 2.0 Throwing
 * Level 18.2 Dodging
 - Level 12.8 Stealth
 - Level 7.2 Shields
 * Level 15.7 Spellcasting
 - Level 15.0 Hexes
 * Level 5.8 Translocations
 * Level 9.8 Invocations
 - Level 3.6 Evocations


You had 21 spell levels left.
You knew the following spells:

 Your Spells              Type           Power        Failure   Level  Hunger
a - Confuse               Hex            ######..     1%          3    None
b - Dazzling Spray        Conj/Hex       ####..       1%          3    None
c - Ensorcelled Hibernat  Hex/Ice        ####..       1%          2    None
d - Tukima's Dance        Hex            ######..     1%          3    None
e - Fulminant Prism       Conj/Hex       ####......   2%          4    #......
f - Force Lance           Conj/Tloc      ###.....     16%         4    #......
g - Apportation           Tloc           ####..       1%          1    None
h - Yara's Violent Unrav  Hex/Tmut       ####......   7%          5    ####...


Dungeon Overview and Level Annotations

Branches:
Dungeon (15/15)              Lair (6/6) D:10          Swamp (4/4) Lair:2
  Snake (0/4) Lair:4          Orc (2/2) D:11            Elf (0/3) Orc:2
 Vaults (0/5) D:14         Depths (0/5) D:15
 Temple: D:4-7        Slime: Lair:5-6

Altars:
Ashenzari
Dithmenos
Elyvilon
Gozag
Kikubaaqudgha
Makhleb
Trog
Uskayaw
The Shining One

Shops:
D:5 }   D:8 =   D:9 (   D:11 [   Orc:2 **!%

Annotations:
D:7 Steforg's ghost, novice BaSk
Swamp:4 exclusion: Roxanne, Donald; Nikola; Roxanne
Orc:2 exclusion: 2 upstairs


Innate Abilities, Weirdness & Mutations

You are very small and have problems with some larger weapons.
You are too small for most types of armour.
You have supernaturally acute eyesight. (SInv)
You are a herbivore.
You cover ground extremely quickly.
You need consume almost no food.


Message History

You hear a roar! x5
Nikola casts a spell at you. The bolt of lightning misses you.
The tree smoulders and burns.
There is an escape hatch in the ceiling here.
Evoke which item? (* to show all) (? for menu, Esc to quit)
Aiming: Corrosive Bolt
Press: ? - help, Shift-Dir - straight line, f - Nikola
Aim: Nikola, wielding a rapier of electrocution, wearing an embroidered cloak and wearing a pair of gloves (heavily wounded, poisoned, umbra)
The bolt of acid misses Nikola.
This wand has 1 charge left.
Nikola casts a spell.
You hear a mighty clap of thunder!
The lightning arc hits the freezing wraith.
The lightning arc hits you! You resist.
* * * LOW HITPOINT WARNING * * *
The lightning arc hits Nikola.
The lightning arc hits you! You resist.
* * * LOW HITPOINT WARNING * * *
The lightning arc hits the freezing wraith.
The freezing wraith is destroyed!
The lightning arc hits Nikola.
The lightning arc hits you! You resist.
You die...

≈,**≈***≈≈* ♣.≈≈♣♣ ♣♣.≈≈≈.
*,,***,,,≈* ♣♣♣♣♣♣.≈≈♣♣♣ ♣♣≈≈D≈≈.
**,≈,,,,,**♣♣..♣.≈≈≈≈≈≈♣♣♣.≈≈≈≈≈≈
,**≈,,,,** ♣≈≈≈≈≈≈≈≈≈≈≈♣♣.≈≈≈≈≈≈.
≈,*****,* ♣♣≈§≈≈≈≈≈≈≈≈.♣.≈≈D≈≈≈≈
≈≈,,,*≈,* ♣♣≈≈.≈≈≈§.≈....≈≈≈≈≈≈.♣
,,≈≈,,,,* ♣...@≈≈≈.≈≈♣...≈≈≈≈≈≈≈♣
,***,≈,** *♣...≈≈.♣♣♣♣♣♣≈≈≈≈≈≈...
** ***** ♣♣≈≈≈.@♣♣ ♣♣..≈≈..≈.
*♣.≈≈≈.§♣ ♣≈.♣♣♣♣♣♣ ♣.≈≈≈≈.♣♣
♣♣♣♣ *********♣≈≈≈.♣♣♣
≈≈≈≈≈≈≈*♣≈.≈≈.* ≈≈≈≈≈≈≈*♣....≈***
≈≈≈≈≈≈≈,.≈...≈≈≈*****
≈≈≈≈,,,≈..≈♣.≈≈≈≈*≈,*
≈,,≈**,,).♣*,≈≈≈,*,≈**


You could see Nikola.

Vanquished Creatures
  Gastronok (Orc:1)
  Kirke (D:12)
  2 very ugly things (IceCv)
  A minotaur (Lab)
  Josephine (D:14)
  Erolcha (Orc:1)
  A ghost crab (Swamp:4)
  11 hydras
  4 vault guards (D:14)
  A death knight (D:14)
  A merfolk avatar (Lair:6)
  11 two-headed ogres
  3 alligators (Swamp:1)
  2 ogre magi
  A tengu warrior (D:14)
  A hell hog (Volcano)
  Urug (D:11)
  A spriggan (Swamp:4)
  The ghost of Ordine the Thaumaturge, a novice DEWz of Sif Muna (D:10)
  3 unseen horrors
  3 sea snakes (Lair:6)
  2 deep trolls
  A wizard (D:15)
  2 swamp dragons
  A shambling mangrove (Swamp:1)
  A necromancer (D:15)
  Pikel (D:8)
  4 orc knights
  A harpy (Lair:6)
  A deep elf mage (D:15)
  2 wolf spider zombies
  15 ugly things
  5 orc sorcerers
  4 manticores
  2 elephants (Lair:6)
  6 cyclopes
  3 black mambas
  3 centaur zombies
  4 rime drakes
  A komodo dragon (shapeshifter) (D:15)
  14 komodo dragons
  10 spiny frogs
  2 kobold demonologists (D:14)
  An anaconda simulacrum (IceCv)
  2 freezing wraiths
  4 polar bears (Lair:6)
  A queen bee (Lair:2)
  11 trolls
  A tyrant leech (Swamp:1)
  2 bog bodies
  5 hornets
  10 blink frogs
  4 dream sheep (Lair:6)
  4 slime creatures (D:14)
  12 hippogriffs
  A shadow (Swamp:4)
  A dancing weapon (D:11)
  7 wyverns
  23 yaks
  Eustachio (D:5)
  6 wraiths (D:14)
  A human (Lair:2)
  A dire elephant simulacrum (IceCv)
  10 vampire mosquitoes
  A basilisk (Lair:2)
  12 swamp worms
  4 wargs
  4 steam dragons (Volcano)
  5 nagas (Lair:4)
  4 insubstantial wisps (Swamp:1)
  A redback simulacrum (D:14)
  2 hydra simulacra (IceCv)
  An acid dragon (D:12)
  3 hell hounds (Volcano)
  Duvessa (D:7)
  18 water moccasins
  A soldier ant (D:11)
  6 swamp drakes
  3 porcupines
  An ettin simulacrum (IceCv)
  8 ice beasts
  A meliai simulacrum (D:15)
  A slave (D:8)
  22 orc warriors
  5 phantoms
  A tengu (D:10)
  4 sky beasts
  A black bear (D:9)
  18 ogres
  5 boggarts (D:15)
  A necrophage (D:10)
  49 wolves
  6 centaurs
  16 crocodiles
  2 big kobolds
  13 bullfrogs
  A wyvern zombie (D:14)
  Dowan (D:7)
  A hornet simulacrum (D:15)
  2 scorpions
  5 wights
  38 killer bees
  3 electric eels
  3 howler monkeys
  4 crimson imps
  2 quasits
  3 hounds
  4 jellies
  4 centaur skeletons
  12 orc priests
  A bullfrog skeleton (D:12)
  Terence (D:2)
  8 worker ants
  Ijyb (D:3)
  4 iguanas
  14 orc wizards
  A hell rat (Lair:2)
  A worker ant zombie (D:11)
  12 adders
  3 shadow imps
  5 oozes (D:8)
  3 worms
  A dart slug (D:2)
  2 leopard geckos
  60 orcs
  A giant cockroach (D:5)
  6 goblins
  4 hobgoblins
  10 jackals
  3 quokkas
  A ball python (D:5)
  4 bats (D:2)
  4 frilled lizards
  A jackal skeleton (D:7)
  9 kobolds
  A rat (D:3)
  A plant (Lair:6)
710 creatures vanquished.

Vanquished Creatures (collateral kills)
  An ettin (Orc:2)
  An ogre mage (D:14)
  4 two-headed ogres
  A freezing wraith (D:14)
  A troll (Orc:2)
  A wraith (D:14)
  4 orc warriors
  10 ogres
  A scorpion (D:11)
  4 wights
  5 orc wizards
  10 orcs
43 creatures vanquished.

Vanquished Creatures (others)
  2 cyclopes
  A centaur skeleton (D:12)
  A freezing wraith (Swamp:4)
  7 dancing weapons
  A bog body (Swamp:4)
  6 humans (D:12)
  2 slaves (D:9)
  A centaur (D:15)
  A wight (D:12)
  A howler monkey (D:9)
  A crimson imp (D:9)
  A bullfrog skeleton (D:12)
  An adder (D:12)
  2 orcs (Orc:2)
  A bush (Lair:3)
  6 fulminant prisms
  16 fungi
  29 plants
80 creatures vanquished.

Grand Total: 833 creatures vanquished

Notes
Turn   | Place    | Note
-------+----------+-------------------------------------------
     0 | D:1      | Chiseanne the Spriggan Assassin began the quest for the Orb.
     0 | D:1      | Reached XP level 1. HP: 10/10 MP: 2/2
    92 | D:2      | Noticed Terence
   127 | D:2      | Killed Terence
   127 | D:2      | Reached XP level 2. HP: 9/14 MP: 3/3
   127 | D:2      | Reached XP level 3. HP: 12/18 MP: 4/4
   468 | D:3      | Noticed Ijyb
   469 | D:3      | Killed Ijyb
   469 | D:3      | Reached XP level 4. HP: 22/22 MP: 5/5
   774 | D:4      | Reached skill level 2 in Dodging
  1158 | D:5      | Entered Level 5 of the Dungeon
  1200 | D:5      | Reached XP level 5. HP: 23/25 MP: 6/6
  1230 | D:6      | Found a shadowy altar of Dithmenos.
  1230 | D:6      | Noticed a phantom
  1263 | D:6      | Killed a phantom
  1263 | D:6      | Reached skill level 3 in Dodging
  1269 | D:6      | Became a worshipper of Dithmenos the Shadowed
  1485 | D:5      | Reached XP level 6. HP: 20/30 MP: 7/7
  1737 | D:5      | Found Efaceam's Gadget Boutique.
  1740 | D:5      | Noticed Eustachio
  1744 | D:5      | Reached skill level 4 in Dodging
  1744 | D:5      | Reached skill level 10 in Stealth
  1748 | D:5      | Killed Eustachio
  1748 | D:5      | Reached XP level 7. HP: 33/33 MP: 8/8
  1868 | D:6      | Reached skill level 1 in Evocations
  2123 | D:6      | Found a white marble altar of Elyvilon.
  2177 | D:6      | Reached skill level 5 in Dodging
  2276 | D:7      | Noticed Steforg's ghost (novice BaSk)
  2623 | D:7      | Got a dull robe
  2629 | D:7      | Reached XP level 8. HP: 37/37 MP: 11/11
  2668 | D:7      | Identified the +1 robe of Past Mistakes {rElec MR- Dex+8} (You found it on level 7 of the Dungeon)
  2685 | D:7      | Learned a level 3 spell: Confuse
  2728 | D:7      | Reached * piety under Dithmenos
  2736 | D:7      | Reached skill level 1 in Hexes
  2809 | D:8      | Got a pitted long sword
  2816 | D:8      | Identified the +1 long sword of the Everdark {freeze, Dex+2 Stlth+} (You found it on level 8 of the Dungeon)
  2820 | D:8      | Found Toesaa's Jewellery Boutique.
  2841 | D:8      | Reached skill level 5 in Short Blades
  2889 | D:8      | Got an encrusted falchion
  2890 | D:8      | Identified the +3 falchion of Zafiyg {drain, rF+ rN+ Int-2 Dex+3} (You found it on level 8 of the Dungeon)
  2943 | D:8      | Reached skill level 1 in Spellcasting
  2996 | D:8      | Noticed a two-headed ogre
  3001 | D:8      | Found a bloodstained altar of Trog.
  3006 | D:8      | Found an opulent altar of Gozag.
  3049 | D:8      | Killed a two-headed ogre
  3049 | D:8      | Reached skill level 6 in Dodging
  3265 | D:8      | Reached XP level 9. HP: 41/41 MP: 15/15
  3362 | D:8      | Bought a +2 amulet of reflection for 90 gold pieces
  3509 | D:7      | Found a hide-covered altar of Uskayaw.
  3573 | D:7      | Noticed Duvessa
  3579 | D:7      | Noticed Dowan
  3582 | D:7      | Killed Duvessa
  3595 | D:7      | Killed Dowan
  3595 | D:7      | Reached skill level 7 in Dodging
  3595 | D:7      | Reached skill level 1 in Shields
  3603 | D:7      | Reached skill level 5 in Hexes
  3692 | D:9      | Noticed Pikel
  3720 | D:8      | Killed Pikel
  3720 | D:8      | Reached skill level 5 in Spellcasting
  4009 | D:9      | Found a burning altar of Makhleb.
  4067 | D:9      | Reached skill level 8 in Dodging
  4504 | D:9      | Found a burning altar of Makhleb.
  4597 | D:9      | Noticed a troll
  4619 | D:8      | Found a glowing golden altar of the Shining One.
  4619 | D:8      | Found a shattered altar of Ashenzari.
  4713 | D:9      | Reached ** piety under Dithmenos
  4828 | D:9      | Found Avamoq's Antique Weapon Emporium.
  4855 | D:9      | Noticed a troll
  4866 | D:9      | Found an ancient bone altar of Kikubaaqudgha.
  4955 | D:10     | Entered Level 10 of the Dungeon
  5103 | D:10     | Reached XP level 10. HP: 46/46 MP: 20/20
  5125 | D:10     | Identified a scroll of acquirement
  5221 | D:8      | Bought the ring of Refys {rF+ rC+ Int+2} for 518 gold pieces
  5223 | D:8      | Bought the ring "Gedediof" {+Fly MR++} for 394 gold pieces
  5309 | D:10     | Reached skill level 9 in Dodging
  5372 | D:10     | Noticed Ordine's ghost (novice DEWz)
  5651 | D:11     | Found Osib's Armour Shop.
  5651 | D:11     | Found a staircase to the Orcish Mines.
  5798 | D:10     | Reached *** piety under Dithmenos
  6015 | D:10     | Found a staircase to the Lair.
  6033 | Lair:1   | Entered Level 1 of the Lair of Beasts
  6111 | Lair:1   | Noticed a spiny frog
  6117 | Lair:1   | Killed a spiny frog
  6195 | Lair:1   | Reached skill level 10 in Dodging
  6357 | Lair:1   | Found a labyrinth entrance.
  6408 | Lab      | Entered a labyrinth
  6724 | Lab      | Noticed a minotaur
  6729 | Lab      | Killed a minotaur
  7115 | Lair:2   | Reached XP level 11. HP: 24/49 MP: 24/24
  7218 | Lair:2   | Reached skill level 11 in Dodging
  7693 | Lair:1   | Reached skill level 5 in Shields
  7961 | Lair:2   | Got a scorched dagger
  7962 | Lair:2   | Identified the cursed +1 dagger "Spriggan's Doom" {freeze, *Corrode rN++ Int+2 Stlth+} (You found it on level 2 of the Lair of Beasts)
  7972 | Lair:2   | Reached **** piety under Dithmenos
  8144 | Lair:2   | Noticed a five-headed hydra
  8153 | Lair:2   | Killed a five-headed hydra
  8153 | Lair:2   | Reached skill level 10 in Hexes
  8535 | Lair:2   | Reached skill level 12 in Dodging
  8608 | Lair:2   | Found a staircase to the Swamp.
  8801 | Lair:2   | Noticed a six-headed hydra
  8924 | Lair:2   | Reached skill level 10 in Spellcasting
  9223 | Lair:2   | Reached XP level 12. HP: 31/53 MP: 2/27
  9530 | Lair:1   | Noticed an eight-headed hydra
 10049 | Lair:2   | Reached ***** piety under Dithmenos
 10291 | Lair:3   | Reached skill level 13 in Dodging
 10478 | Lair:3   | Found a dark tunnel.
 10488 | Lair:3   | Learned a level 3 spell: Dazzling Spray
 10493 | Lair:3   | Learned a level 4 spell: Fulminant Prism
 10499 | Volcano  | Entered a volcano
 10537 | Volcano  | Noticed a hell hog
 10550 | Volcano  | Killed a hell hog
 11263 | Lair:4   | Found a staircase to the Snake Pit.
 11347 | Lair:4   | Noticed a seven-headed hydra
 11374 | Lair:4   | Killed a seven-headed hydra
 11374 | Lair:4   | Reached skill level 14 in Dodging
 11502 | Lair:6   | Entered Level 6 of the Lair of Beasts
 11558 | Lair:6   | Reached XP level 13. HP: 57/57 MP: 24/29
 11572 | Lair:6   | Reached skill level 1 in Invocations
 12893 | Lair:6   | Reached skill level 15 in Dodging
 12965 | Lair:6   | Learned a level 3 spell: Tukima's Dance
 12968 | Lair:6   | Learned a level 2 spell: Ensorcelled Hibernation
 13667 | D:10     | Killed Ordine's ghost
 14063 | D:11     | Noticed Urug
 14073 | D:11     | Killed Urug
 14317 | D:11     | Reached skill level 5 in Invocations
 14486 | D:12     | Noticed Kirke
 14501 | D:12     | Killed Kirke
 14932 | D:12     | Learned a level 4 spell: Force Lance
 15080 | D:14     | Reached XP level 14. HP: 61/61 MP: 32/32
 15103 | D:14     | Found a gate to the Vaults.
 15187 | D:15     | Entered Level 15 of the Dungeon
 15216 | D:15     | Reached ****** piety under Dithmenos
 16110 | D:14     | Reached skill level 16 in Dodging
 16135 | D:15     | Noticed Josephine
 16461 | D:14     | Learned a level 1 spell: Apportation
 17782 | D:14     | Killed Josephine
 18775 | D:15     | Reached skill level 17 in Dodging
 18802 | D:15     | Found a staircase to the Depths.
 19021 | D:15     | Learned a level 5 spell: Yara's Violent Unravelling
 19934 | Orc:1    | Entered Level 1 of the Orcish Mines
 20051 | Orc:2    | Entered Level 2 of the Orcish Mines
 20052 | Orc:2    | Reached XP level 15. HP: 65/65 MP: 34/34
 20062 | Orc:2    | Paralysed by an orc sorcerer for 4 turns
 20577 | Orc:1    | Reached skill level 15 in Spellcasting
 22008 | Orc:2    | Found Setes's Distillery.
 22008 | Orc:2    | Found Jiatiece's General Store.
 22022 | Orc:2    | Found Miyb's Food Emporium.
 22030 | Orc:2    | Found Fuint's General Store.
 22049 | Orc:2    | Bought a scroll of teleportation for 48 gold pieces
 22049 | Orc:2    | Bought a scroll of magic mapping for 56 gold pieces
 22054 | Orc:2    | Bought a potion of resistance for 130 gold pieces
 22060 | Orc:2    | Bought a fruit for 16 gold pieces
 22148 | Orc:2    | Bought a scroll of fog for 28 gold pieces
 22148 | Orc:2    | Bought a scroll of identify for 28 gold pieces
 22148 | Orc:2    | Bought a +3 amulet of reflection for 219 gold pieces
 22153 | Orc:2    | Bought 2 potions of curing for 84 gold pieces
 22153 | Orc:2    | Bought a potion of curing for 42 gold pieces
 22153 | Orc:2    | Bought a potion of haste for 140 gold pieces
 22157 | Orc:2    | Bought a bread ration for 70 gold pieces
 22172 | Orc:2    | Bought a potion of might for 52 gold pieces
 22172 | Orc:2    | Bought a potion of curing for 39 gold pieces
 22172 | Orc:2    | Bought a potion of heal wounds for 65 gold pieces
 22172 | Orc:2    | Bought a potion of invisibility for 104 gold pieces
 22240 | Orc:2    | Reached skill level 15 in Hexes
 22389 | Orc:2    | Found a staircase to the Elven Halls.
 22574 | Orc:1    | Found a burning altar of Makhleb.
 22579 | Orc:1    | Noticed Erolcha
 22601 | Orc:1    | Killed Erolcha
 22612 | Orc:1    | Reached skill level 1 in Translocations
 22879 | Orc:1    | Noticed Gastronok
 23104 | Orc:1    | Killed Gastronok
 23984 | Swamp:1  | Entered Level 1 of the Swamp
 25007 | Swamp:4  | Entered Level 4 of the Swamp
 25034 | Swamp:4  | Reached skill level 18 in Dodging
 25080 | Swamp:4  | Was placed under penance by Dithmenos
 25089 | Swamp:4  | Was forgiven by Dithmenos
 25113 | Swamp:4  | Noticed Donald
 25261 | Swamp:4  | Reached skill level 5 in Translocations
 25374 | Swamp:4  | Found a frozen archway.
 25383 | IceCv    | Entered an ice cave
 25916 | Swamp:3  | Reached XP level 16. HP: 75/75 MP: 36/36
 25946 | Swamp:4  | Noticed Roxanne
 26001 | Swamp:4  | Noticed Nikola
 26024 | Swamp:4  | Killed from afar by Nikola

Vault maps used:
D:1:      grunt_arrival_lava_bath, minmay_misc_feat_columns
D:2:      first_bread, uniq_terence
D:3:      regret_index_temple_of_mockery, led_sif_pool, portal_sewer_entry_f,
          uniq_ijyb
D:4:      nicolae_ossuary_entry_catacombs
D:5:      nicolae_overflow_hidden_temple, serial_shops, shop, uniq_menkaure,
          uniq_eustachio
D:6:      old_standard_altar, grunt_dithmenos_shadows,
          minmay_misc_feat_more_columns
D:7:      lemuel_crystal_altar, minmay_temple_entry_junction_2, uniq_duvessa
D:8:      slow_altar_2, nicolae_gozag_seed_capital,
          amethyst_overflow_temple_binary, serial_shops, nicolae_shop_crystal,
          nicolae_shop_trees, hangedman_little_slice_of_home, hex_large,
          trog_three_pillars_becter
D:9:      overflow_temple_1_default, lemuel_coloured_pillars_altar,
          serial_shops, nicolae_shop_waterfront, bloody_makhleb, uniq_pikel
D:10:     david_lair_shrubbed, minmay_misc_feat_cross, minivault_11
D:11:     orc_david_3, uniq_urug
D:12:     st_stairs_8, kennysheep_generic_room_2, uniq_kirke
D:13:     hourglass_vault
D:14:     lightli_vaults_fourway_checkpoint, hangedman_decor_clover_reticule
D:15:     grunt_enter_depths_magical_seal, grunt_decor_resistance,
          uniq_josephine
Lair:1:   lab_entry_generic, grunt_megastairs_5
Lair:2:   regret_index_tunnel_blossom, nicolae_swamp_entry_splash_gauntlet,
          grunt_forest_large_clearings
Lair:3:   minmay_lair_venomous_thicket, nicolae_volcano_entry_hallway,
          grunt_megastairs_1
Lair:4:   minmay_snake_entry_guardpost_medium, lemuel_fruit_tree
Lair:5:   slime_altar_1
Lair:6:   gammafunk_lair_ancient_temple, serial_bayou_shore_a,
          infiniplex_staircase_pool
Swamp:1:  nicolae_swamp_fairy_circle, swamp_pool1,
          nicolae_swamp_very_dense_foliage
Swamp:2:  evilmike_swamp_ruin_rubble_1, water_boxes_lemuel
Swamp:3:  evilmike_swamp_ruin_rubble_2, swamp_pool2
Swamp:4:  swamp_basic_johnstein, portal_ice_cave_entry_frozen_things,
          uniq_donald, uniq_roxanne, uniq_nikola, uniq_louise
Orc:1:    basic_altar, mines2_lemuel, uniq_erolcha, uniq_gastronok
Orc:2:    st_orc_open
Lab:      labyrinth_watery, nicolae_lab_dead_end, nicolae_lab_t_cross,
          nicolae_lab_quarters
IceCv:    ice_cave_statue_garden_chambered
Volcano:  volcano_caves

Skill      XL: |  1  2  3  4  5  6  7  8  9 10 11 12 13 14 15 |
---------------+----------------------------------------------+-----
Stealth        | 7 8 9 10 11 12 | 12.8
Dodging        | 2 3 4 5 6 8 10 12 14 15 17 18 | 18.2
Short Blades   | 3 4 5 |  5.6
Evocations     | 3 |  3.6
Hexes          | 4 6 8 10 12 13 14 15 | 15.0
Spellcasting   | 3 6 8 10 11 13 14 15 | 15.7
Shields        | 2 4 6 7 |  7.2
Invocations    | 5 7 9 |  9.8
Fighting       | 4 |  4.9
Translocations | 5 |  5.8
Throwing       | |  2.0

Action                   |  1- 3 |  4- 6 |  7- 9 | 10-12 | 13-15 | 16-18 || total
-------------------------+-------+-------+-------+-------+-------+-------++-------
Melee: Dagger            |    20 |    73 |    63 |   468 |  1262 |    10 ||  1896
       Club              |       |    26 |       |       |       |       ||    26
       Hand axe          |       |    16 |   169 |   349 |       |       ||   534
       Falchion          |       |       |    30 |    35 |    73 |       ||   138
 Fire: Blowgun           |     5 |     3 |    24 |    10 |    28 |       ||    70
Throw: Tomahawk          |       |       |     1 |     2 |       |       ||     3
       Stone             |       |       |     1 |     1 |       |       ||     2
 Cast: Confuse           |       |       |     2 |   115 |   428 |     3 ||   548
       Tukima's Dance    |       |       |       |       |   142 |       ||   142
       Ensorcelled Hiber |       |       |       |       |    22 |       ||    22
       Fulminant Prism   |       |       |       |       |     6 |       ||     6
       Apportation       |       |       |       |       |     2 |     6 ||     8
       Force Lance       |       |       |       |       |     2 |       ||     2
       Dazzling Spray    |       |       |       |       |     1 |       ||     1
Invok: Shadow Step       |       |       |       |     3 |     9 |       ||    12
Evoke: Wand              |       |     5 |    17 |     6 |    37 |     5 ||    70
       Box of beasts     |       |       |       |       |     2 |       ||     2
  Use: Scroll            |     3 |     5 |     7 |    13 |    20 |     1 ||    49
       Potion            |       |       |       |     7 |     3 |     2 ||    12
 Stab: Sleeping          |     6 |     9 |    14 |    37 |    61 |       ||   127
       Confused          |       |       |     3 |    72 |   278 |       ||   353
       Paralysed         |       |       |     4 |     1 |       |       ||     5
       Distracted        |       |       |     3 |     9 |    21 |     1 ||    34
       Invisible         |       |       |       |     2 |       |       ||     2
  Eat: Fruit             |       |       |     6 |     2 |       |       ||     8
       Royal jelly       |       |       |     3 |     4 |     6 |     2 ||    15
Armor: Robe              |       |     9 |    28 |    33 |    46 |       ||   116
Dodge: Dodged            |    11 |    82 |   252 |   759 |   707 |     3 ||  1814
Block: Buckler           |       |       |    88 |   551 |   694 |       ||  1333
       Reflection        |       |       |       |     2 |    31 |       ||    33
       Rpst.: Falchion   |       |       |     4 |     7 |    14 |       ||    25
